[Event "4NCL 2022-2023"]
[Site "Daventry"]
[Date "2023.02.12"]
[Round "6.19"]
[White "Walton, Alan J"]
[Black "Moreby, James"]
[Result "0-1"]
[ECO "D31"]
[WhiteElo "2089"]
[BlackElo "2353"]
[Annotator "TA"]
[PlyCount "64"]
[EventDate "2022.10.20"]
[EventType "team-tourn"]
[EventCountry "ENG"]
[SourceTitle "playchess.com"]
[Source "ChessBase"]
[SourceQuality "1"]
[TimeControl "40/6000+30:2400+30"]

1. d4 d5 2. c4 e6 3. Nc3 c6 4. e4 dxe4 5. Nxe4 Bb4+ 6. Bd2 Qxd4 7. Bxb4 Qxe4+ 8. Be2 Na6 $1 9. Bf8 {[%emt 0:09:57][%mdl 64] Threatens to win with Qd6. Decoy, Back Rank. D31: Queen's Gambit Declined: Semi-Slav without ...Nf6 (+ Marshall Gambit and Noteboom) and Exchange Variation lines without ...Nf6.} Qxg2 (9... Kxf8 $2 10. Qd8#) 10. Qd6 $1 Bd7 $1 (10... Qxh1 $2 11. O-O-O $18 (11. Bxg7 $2 Qxg1+ 12. Bf1 Qxg7 $19) (11. Bxg7 $2 Qxg1+ 12. Bf1 Qxg7 $19)) 11. O-O-O O-O-O $17 {[%emt 0:07:35] [#] Hoping for ...Nh6.} 12. Qd4 $146 ({Predecessor:} 12. Nf3 Nh6 13. Be7 Nf5 14. Qa3 Nxe7 15. Qxe7 Qxf2 16. Rhe1 Qe3+ 17. Kb1 Qe4+ 18. Ka1 {0-1 Gebhardt,D-Butler,K IECC CL4-1996.05 email}) 12... e5 $19 (12... Qxh1 13. Bxg7 c5 14. Qd6 $17) (12... Rxf8 $2 13. Qxd7+ Kb8 14. Qd6+ Ka8 15. Qxf8+ $18) 13. Qd2 Nf6 (13... Qxh1 $2 14. Bxg7 Qxh2 15. Bxh8 $17) (13... Rxf8 $2 14. Qxd7+ Kb8 15. Qd6+ Ka8 16. Qxf8+ $18) 14. Bf3 {[%emt 0:00:30] [#]} Qg6 15. Be7 {[%emt 0:00:30] [#]} e4 $1 16. Bxd8 Rxd8 17. Be2 Qg2 {[%emt 0:00:00][%csl LRf2,LRh1] Inhibits Nh3.} 18. c5 (18. Nh3 $142 Qxh3 19. Qe3) 18... Nc7 19. Qa5 Kb8 $2 {[%emt 0:00:00] Active counter play! White is weak on the light squares} (19... Qxh1 20. Qa3 Qxh2) 20. Qc3 Qxf2 (20... Qxh1 $2 {loses.} 21. Qg3 h5 22. Nf3 exf3 23. Rxh1 fxe2 24. Qd3 $19) 21. Qg3 Qxg3 22. hxg3 Ne6 23. Nh3 h6 24. b4 Nd5 25. a3 (25. Bc4 {keeps fighting.}) 25... Nc3 26. Rde1 Nd4 27. Bc4 Bxh3 28. Rxh3 f5 {[%emt 0:00:00] And now ...Nf3 would win.} 29. Kb2 Nf3 {[%emt 0:00:00] aiming for ...Na4+.} 30. Rc1 Nd1+ {[%emt 0:00:00] Black is clearly winning.} 31. Ka1 Ne3 32. Be6 (32. Bb3 $142 Rd3 33. Kb2) 32... Ng5 {[%emt 0:00:00][%csl LRe6,LRh3] Black took control after the opening. A cool game by Moreby.   Weighted Error Value: White=1.03/Black=0.37} 0-1

[Event "4NCL 2022-2023"]
[Site "Daventry"]
[Date "2023.02.12"]
[Round "6.20"]
[White "Rendle, Thomas E"]
[Black "Townsend, M Paul"]
[Result "1/2-1/2"]
[ECO "E07"]
[WhiteElo "2380"]
[BlackElo "2198"]
[Annotator "TA"]
[PlyCount "85"]
[EventDate "2022.10.20"]
[EventType "team-tourn"]
[EventCountry "ENG"]
[SourceTitle "playchess.com"]
[Source "ChessBase"]
[SourceQuality "1"]
[TimeControl "40/6000+30:2400+30"]

1. d4 e6 2. c4 Nf6 3. g3 d5 4. Bg2 Be7 5. Nf3 O-O 6. O-O c6 7. Nc3 Nbd7 {[%emt 0:01:30] 7...a5 is the modern continuation.} 8. Qd3 b6 9. e4 Bb7 {[%emt 0:05:40] E07: Closed Catalan: Main Line (5 Nf3 0-0 6 0-0 Nbd7).} (9... Ba6 $5 10. b3 b5 $11) 10. e5 dxc4 11. Qxc4 Nd5 12. Nxd5 cxd5 13. Qd3 {[%emt 0:02:56] [#]} Nb8 $146 ({Predecessor:} 13... a5 14. Re1 Ba6 15. Qe3 Rc8 16. Bd2 Nb8 17. Rac1 Nc6 18. Rc2 Qd7 19. Rec1 Rc7 {0-1 Lagno,K (2523)-Cheparinov,I (2681) Wch Blitz 9th 2015 (13)}) 14. Rd1 Ba6 15. Qe3 Nc6 16. Bd2 Rc8 17. h4 Na5 18. b3 Qd7 19. Bh3 Nc6 20. Qe1 (20. Ne1 $11) 20... Ba3 (20... Bd3 $5 21. Qe3 Bc2 $15) 21. Bc1 {[%emt 0:06:25] Inhibits Bb2.} Bxc1 22. Raxc1 Qe7 23. Qd2 Qa3 24. h5 (24. Ng5 {seems wilder.} Qe7 25. Qc2 g6 26. Qd2) 24... h6 25. g4 Qe7 26. Rc3 Nb4 27. Rdc1 {[%emt 0:00:47] [#] Hoping for a3.} Rxc3 28. Rxc3 {[%emt 0:00:06] Strongly threatening a3.} Rc8 $1 29. a3 Nc6 $1 30. Qc1 Qd7 31. g5 Ne7 32. gxh6 Rxc3 33. Qxc3 gxh6 34. Qe3 Kh7 35. Nh2 Ng8 36. f4 Qd8 37. f5 exf5 38. Bxf5+ Kg7 39. Nf3 Bc8 {[%emt 0:00:34] The position is equal.} 40. Qf4 {[%emt 0:03:17] [#] aiming for Qg4+.} Bxf5 41. Qxf5 Qc7 42. Kg2 Qc6 43. Qg4+ {[%emt 0:00:00] Weighted Error Value: White=0.08 (flawless) /Black=0.05 (flawless)} 1/2-1/2

[Event "4NCL 2022-2023"]
[Site "Daventry"]
[Date "2023.02.12"]
[Round "6.21"]
[White "Movileanu, Daniela"]
[Black "Grieve, Harry"]
[Result "0-1"]
[ECO "B42"]
[WhiteElo "2169"]
[BlackElo "2442"]
[Annotator "TA"]
[PlyCount "66"]
[EventDate "2022.10.20"]
[EventType "team-tourn"]
[EventCountry "ENG"]
[SourceTitle "playchess.com"]
[Source "ChessBase"]
[SourceQuality "1"]
[TimeControl "40/6000+30:2400+30"]

1. e4 c5 2. Nf3 e6 3. d4 cxd4 4. Nxd4 a6 5. Bd3 Bc5 6. Nb3 Ba7 7. O-O Nc6 8. Nc3 Nf6 9. Bf4 {[%emt 0:05:30] B42: Sicilian: Kan Variation: 5 Bd3.} d6 10. Be2 Ne5 ({Black should play} 10... e5 $11 11. Bg5 h6 12. Bxf6 Qxf6) 11. Qd2 $14 {[%emt 0:02:18] [#] White is slightly better.} Bb8 $146 ({Predecessor:} 11... Qe7 12. Rad1 Bb8 13. a4 O-O 14. Bg3 Bd7 15. h3 b5 16. axb5 axb5 17. Qd4 Rc8 18. Bxb5 Rxc3 19. Bxe5 Rxb3 20. Bxf6 Qxf6 {1-0 Chevrier,T (2163)-Peyre,T (1982) Avoine op 24th 2009 (4)}) 12. Rad1 {[%emt 0:05:18] [#] Hoping for Bxe5.} Bd7 13. a4 Qc7 14. Bg3 O-O 15. f4 (15. Bh4 $14) 15... Nc4 $11 16. Bxc4 Qxc4 17. e5 Nd5 18. Nxd5 exd5 19. Kh1 ({Much weaker is} 19. Qxd5 Qxc2 20. Nd4 Qc5 21. Qxb7 Ra7 $11) (19. exd6 $14 Bxa4 20. Nd4 (20. Qxd5 Qxc2 21. Nd4 Ba7 $14)) 19... Bxa4 $15 20. Nd4 {[%emt 0:18:45] And now b3 would win.} Bd7 21. Rde1 Re8 ({Black should try} 21... Ba7 $17 22. Bf2 Bb8) 22. f5 $2 ({Don't play} 22. b3 Qc8 $15) (22. e6 $11 {and White has nothing to worry.} fxe6 23. b3) 22... dxe5 $19 23. Nf3 f6 (23... Bxf5 $2 {loses.} 24. Nxe5 Bxe5 25. Rxf5 Bxb2 26. Rxe8+ Rxe8 27. Qxd5 Qxd5 28. Rxd5 $19) 24. b3 Qc5 25. Nh4 a5 26. Qe2 a4 {[%emt 0:00:00] Black is clearly winning.} 27. bxa4 Rxa4 28. Qh5 Qxc2 29. Bf4 Re4 30. Bh6 {[%emt 0:01:27] [#]} Qf2 $3 31. Nf3 (31. Rb1 Qxh4) 31... Rxe1 32. Rxe1 gxh6 33. Qxh6 Rf8 {[%emt 0:00:11] Magnificent play by Grieve!   Weighted Error Value: White=0.86/Black=0.16 (very precise)} 0-1

[Event "4NCL 2022-2023"]
[Site "Daventry"]
[Date "2023.02.12"]
[Round "6.22"]
[White "Dong, Bao Nghia"]
[Black "Li, Harry"]
[Result "1-0"]
[ECO "E04"]
[WhiteElo "2361"]
[BlackElo "2099"]
[Annotator "TA"]
[PlyCount "141"]
[EventDate "2022.10.20"]
[EventType "team-tourn"]
[EventCountry "ENG"]
[SourceTitle "playchess.com"]
[Source "ChessBase"]
[SourceQuality "1"]
[TimeControl "40/6000+30:2400+30"]

1. d4 Nf6 2. Nf3 d5 3. c4 e6 4. g3 Be7 5. Bg2 O-O 6. O-O dxc4 7. Nc3 a6 8. a4 Nc6 9. e4 Rb8 10. Re1 {[%emt 0:02:01] E04: Open Catalan: 5 Nf3.} b5 11. axb5 axb5 {[%emt 0:00:01] [#]} 12. d5 $146 {[%emt 0:00:23] Black is better.} ({Predecessor:} 12. e5 Nd5 13. h4 Ncb4 14. Ng5 Bb7 15. Qh5 Bxg5 16. Bxg5 Qe8 17. Bf6 gxf6 18. exf6 {½-½ Batchelor,P (2310)-Ashton,A (2319) BCF-chTb 1819 (4NCL) 2018 (7.83)}) 12... exd5 13. e5 {[%emt 0:00:15] [#]} (13. exd5 $17 Nb4 14. Ne5) 13... Ne4 $1 14. Nxd5 (14. Qxd5 Nxc3) 14... Nc5 15. Nxe7+ Qxe7 16. Qd5 $2 (16. Bg5 Qd7 17. e6 Nxe6 18. Be3) 16... Nb4 $19 17. Qd4 Nb3 18. Qa7 Nc6 19. Bg5 Qd7 (19... Nxa1 20. Qxb8 Nxb8 21. Bxe7 $17) (19... f6 $2 20. exf6 $19) 20. e6 fxe6 21. Ne5 Nxa7 (21... Nxe5 $19 22. Qxb8 Nd3) 22. Nxd7 $15 Nxa1 23. Nxb8 Nb3 24. Bf4 (24. Be3 $11 c5 25. Rd1) 24... c5 25. Rd1 Nd4 {[%emt 0:33:14] And now ...Ne2+ would win.} 26. Kf1 {[%emt 0:02:58] Prevents Ne2.} Rf7 27. Bd6 {[%emt 0:04:28] A strong pair of Bishops.} Bb7 (27... Nb3 $1 $17 28. Nc6 Nxc6 29. Bxc6 Bb7) 28. Bxc5 $11 Bxg2+ 29. Kxg2 e5 30. Ra1 $2 (30. Bxd4 $11 exd4 31. Rxd4) 30... Nb3 $1 $19 31. Rxa7 Nxc5 {[%emt 0:00:02][%mdl 4096] Endgame KRN-KRN} 32. Ra5 Rb7 (32... Nd3 $19 33. f3 e4 34. fxe4 Rf2+ 35. Kh3 Rxb2) 33. Nc6 $11 {[%emt 0:00:10] Ra8+ is the strong threat.} g6 {[%emt 0:01:31] Threatens to win with ...Nd3.} 34. Nxe5 Nb3 35. Ra8+ Kg7 36. f4 Nd4 37. Rd8 Ne6 38. Rd5 Kf6 39. Kf3 Ke7 (39... Rc7 $1 $11) 40. Nc6+ Kf7 41. Rd6 {[%emt 0:41:16] White is more active.} (41. Ke3 $16) 41... Rc7 42. Ne5+ Ke7 $1 43. Rb6 c3 44. bxc3 (44. Rxb5 $2 c2 45. Nd3 Rd7 $19) 44... Rxc3+ 45. Ke4 Rc5 46. h4 Nc7 47. h5 {[%emt 0:00:00][%mdl 64] Deflection} gxh5 (47... Nd5 $1 $14 48. Rb7+ Ke6) 48. f5 $1 $18 {[%emt 0:00:00] Intending f6+ and mate.} Ne8 {[%emt 0:00:00] ...Nd6+ would be deadly.} 49. Re6+ Kd8 50. Nc6+ $2 ({Only move:} 50. f6 $18 {f7 would kill now.} Nxf6+ 51. Rxf6) 50... Kd7 (50... Kc7 $5 51. Ne5 Nd6+ 52. Kd4 Rc1 $14) 51. Ne5+ (51. Nb8+ $14 Kd8 52. f6 Rc4+ 53. Kf5 Rc5+ 54. Ke4 Rc4+ 55. Kd3 Nxf6 56. Rxf6) 51... Kd8 52. f6 Nxf6+ 53. Rxf6 {[%emt 0:00:00] KRN-KR} Rc3 54. Kf4 b4 55. Rf7 (55. Rb6 $18 {and White stays clearly on top.}) 55... b3 $2 {[%emt 0:00:00] [#]} (55... Kc8 $16) 56. Rxh7 $2 (56. Rb7 $1 $18) 56... b2 $2 (56... Kc8 $11 57. Nf7 (57. Rxh5 b2 $11) 57... Rc6 58. Rxh5 Rf6+ 59. Ke3 (59. Rf5 $2 Rxf5+ 60. Kxf5 b2 $19) 59... Rxf7) 57. Rb7 (57. Rxh5 b1=Q 58. g4 Qb4+ 59. Kg5 Rc5 $19) 57... Rc2 58. Nd3 h4 $2 (58... Rc4+ 59. Kf3 Rd4 60. Nxb2 Rd5) 59. gxh4 ({Inferior is} 59. Rxb2 Rxb2 60. Nxb2 hxg3 61. Kxg3 $11) 59... b1=Q 60. Rb6 $4 {[%emt 1:14:12][%mdl 8192] [#]} (60. Rxb1 {was the only winning move.} Rh2 61. Kg5 Ra2 62. h5 Ra5+ 63. Kg6 Ra3 64. Nf4 Kd7 65. h6 Ra6+ 66. Kg5) 60... Qb2 $4 61. Rxb2 {[%emt 0:00:00] KRN-KR. White mates.} Ke7 62. Rb6 Kf7 63. Ne5+ Kg7 64. Kg5 Rg2+ 65. Ng4 Ra2 66. Rb7+ Kf8 67. Kg6 Rg2 68. Rb4 Ra2 69. h5 Ra6+ 70. Nf6 Ra1 71. h6 {[%emt 0:00:00] What a bad dream for Black.   Weighted Error Value: White=0.56/Black=0.75} 1-0

[Event "4NCL 2022-2023"]
[Site "Daventry"]
[Date "2023.02.12"]
[Round "6.23"]
[White "Arnott, Jonathan W"]
[Black "Foisor, Mihaela-Veronica"]
[Result "1/2-1/2"]
[ECO "C07"]
[WhiteElo "2073"]
[BlackElo "2195"]
[Annotator "TA"]
[PlyCount "122"]
[EventDate "2022.10.20"]
[EventType "team-tourn"]
[EventCountry "ENG"]
[SourceTitle "playchess.com"]
[Source "ChessBase"]
[SourceQuality "1"]
[TimeControl "40/6000+30:2400+30"]

1. e4 e6 2. d4 d5 3. Nd2 c5 4. exd5 cxd4 5. Bb5+ Bd7 {[%emt 0:02:53] [#]} 6. dxe6 $1 {[%emt 0:03:42] C07: French Tarrasch: 3...c5, 4 Ngf3 and 4 exd5 Qxd5.} fxe6 7. Bxd7+ (7. Qh5+ $142 g6 8. Qe5) 7... Qxd7 $16 8. Ngf3 {[%emt 0:01:42] White is better.} Nc6 9. O-O {[%emt 0:02:46] [#]} O-O-O $146 ({Predecessor:} 9... Bd6 10. Re1 Nge7 11. Ng5 e5 12. Nde4 O-O 13. c3 Nf5 14. Qb3+ Kh8 15. Qd5 Rae8 {1-0 Azimova,K (2063)-Djogteva,J (1754) Wch U20 Girls 32nd 2014 (8)}) 10. Nc4 Bd6 {[%emt 0:02:00] Repels Bf4} 11. Nxd6+ (11. Nxd4 $2 Nxd4 12. c3 Nc6 $19) 11... Qxd6 12. Ng5 (12. Re1 $16) 12... Nh6 (12... Qd7 $14) 13. Qe2 (13. Qd3 $16) 13... e5 $14 14. f4 (14. Re1 $14) 14... Rhe8 $11 15. fxe5 Nxe5 16. Bf4 Qc5 $1 {[%emt 0:11:52] Hoping for ...Ng6.} 17. Kh1 {[%emt 0:00:03] And now Rae1 would win.} Ng6 {[%emt 0:10:57] A dynamic duo of knights.} (17... d3 18. cxd3 Nxd3 19. Qf3 $14) 18. Qd2 (18. Qf2 $11) 18... Nxf4 (18... Nf5 $1 $17 {[%cal Rf5e3] ...Ne3 would be deadly.} 19. Rf2 Ne3) 19. Qxf4 Qe5 (19... Qxc2 $2 20. Rac1 d3 21. Rxc2+ $18) (19... Re2 20. Rae1 Rxe1 21. Rxe1 $14) 20. Qh4 Kb8 21. Rae1 $36 {[%emt 0:04:14][%mdl 2048] White fights for an advantage.} (21. Nxh7 Nf5 22. Qg5 Ne3 $17) 21... Nf5 22. Rxe5 (22. Qxh7 $2 Qxe1 23. Qxf5 Qe5 $19) 22... Nxh4 23. Rxe8 Rxe8 {[%emt 0:00:11][%mdl 4096] Endgame KRN-KRN} 24. g3 (24. Nxh7 Re2 25. Ng5 Nf5 $11) 24... Ng6 25. Rf2 {[%emt 0:04:20] Repels Re2} ({Of course not} 25. Nxh7 Re2 26. Rc1 Re5 $11) 25... h5 26. Nf3 Re4 27. Rd2 h4 (27... Ne5 $142 28. Rxd4 Re3) 28. Rxd4 $16 ({Don't take} 28. Nxd4 $6 h3 29. Nf3 Ne5 30. Rd8+ Kc7 $14) 28... Re3 29. Rd3 (29. Nxh4 $16 Ne5 30. Rd2) 29... Re2 (29... Rxd3 $14 30. cxd3 hxg3) 30. Rd2 ({But not} 30. gxh4 Rxc2 31. Rd7 Rf2) 30... Re4 (30... Rxd2 $16 31. Nxd2 hxg3) 31. Kg2 ({White should try} 31. Rd7 $18) 31... hxg3 32. hxg3 Kc7 33. Kf2 Ne7 34. Rd4 Rxd4 (34... Re6 $142) 35. Nxd4 {[%emt 0:00:04] KN-KN} Kd6 36. Ke3 $1 Ke5 {[%emt 0:00:22] [#]} 37. c4 {[%emt 0:00:46][%cal Bc2c4,Bc4c5][%mdl 32] Repels Nd5+} Nc8 38. g4 Nd6 (38... Nb6 $142) 39. b3 $18 Kf6 40. c5 Nc8 (40... Nf7 41. c6 bxc6 42. Nxc6 g5) 41. Kf4 Ne7 42. g5+ Kg6 43. Ne6 b6 44. cxb6 Nd5+ 45. Ke5 {[%emt 0:00:00] Intending b7 and mate.} Nxb6 46. Kd6 Kf5 47. Nxg7+ Kxg5 48. Kc6 (48. Ne8 $142 Kf5 49. Nc7) 48... Kf6 {[%emt 0:00:00] [#]} 49. Kb7 $2 Kxg7 $11 {[%emt 0:00:00] The position is equal.} 50. Kxa7 {[%emt 0:00:00] KN-KPP} Nd7 51. b4 Kf7 52. Kb7 Ke6 53. a4 Kd5 54. a5 {[%emt 0:00:00] Threatening mate with a6.} Kc4 $1 55. a6 Kb5 $1 56. a7 Nb6 57. Kc7 {[%emt 0:00:00] White threatens Kb7 and mate.} Ka6 58. Kb8 Nd7+ 59. Kc7 Kxa7 60. Kxd7 {[%emt 0:00:00] Kc7 would kill now.} Kb6 61. b5 Kxb5 {[%emt 0:00:07] White really could win this.   Weighted Error Value: White=0.20 (precise) /Black=0.23 (precise)} 1/2-1/2

[Event "4NCL 2022-2023"]
[Site "Daventry"]
[Date "2023.02.12"]
[Round "6.24"]
[White "Purton, Ben J"]
[Black "Shaw, Peter"]
[Result "1/2-1/2"]
[ECO "B45"]
[WhiteElo "2153"]
[BlackElo "2069"]
[Annotator "TA"]
[PlyCount "43"]
[EventDate "2022.10.20"]
[EventType "team-tourn"]
[EventCountry "ENG"]
[SourceTitle "playchess.com"]
[Source "ChessBase"]
[SourceQuality "1"]
[TimeControl "40/6000+30:2400+30"]

1. e4 c5 2. Nf3 e6 3. Nc3 Nc6 4. Bb5 Nge7 5. d4 cxd4 6. Nxd4 a6 7. Nxc6 Nxc6 8. Bxc6 bxc6 9. O-O {[%emt 0:01:02] B45: Sicilian Four Knights.} e5 (9... d5 $11) 10. Qf3 d6 11. Qg3 {[%emt 0:02:56] [#] White is slightly better.} g6 $146 ({Predecessor:} 11... Be6 12. Kh1 h5 13. h3 h4 14. Qd3 Be7 15. f4 O-O 16. f5 Bc8 17. Nd1 d5 18. Ne3 dxe4 19. Qxe4 {0-1 Fressinet,L (2662)-Saric,I (2669) Wch Blitz Riadh 2017 (19)}) 12. f4 Bg7 13. f5 O-O $1 14. Be3 Kh8 15. Rad1 {[%emt 0:01:16] [#] Hoping for Bc5.} Qe7 (15... gxf5 $5 16. Bc5 (16. exf5 d5 $11) 16... f4 $11) 16. Qf3 {[%emt 0:02:51] And now f6 would win.} f6 17. g4 (17. fxg6 $14 {should be considered.} hxg6 18. h4) 17... gxf5 $11 {[%emt 0:06:16] The position is equal.} 18. gxf5 Rg8 19. Kf2 Bf8 20. Qh5 Bd7 ({But not} 20... Qg7 21. Rg1 Qe7 22. Rxg8+ Kxg8 23. Na4 $14) (20... Rb8 $5 21. b3 (21. Rg1 Rxg1 22. Kxg1 Rxb2 $17) 21... d5 22. exd5 (22. Rg1 $2 d4 $19) 22... Qd7 $11) 21. Rg1 Rxg1 22. Rxg1 {[%emt 0:00:12] Weighted Error Value: White=0.08 (flawless) /Black=0.10 (very precise)} 1/2-1/2

[Event "4NCL 2022-2023"]
[Site "Daventry"]
[Date "2023.02.12"]
[Round "6.25"]
[White "Rudd, Jack"]
[Black "Jones, Gawain C B"]
[Result "0-1"]
[ECO "E74"]
[WhiteElo "2303"]
[BlackElo "2617"]
[Annotator "TA"]
[PlyCount "86"]
[EventDate "2022.10.20"]
[EventType "team-tourn"]
[EventCountry "ENG"]
[SourceTitle "playchess.com"]
[Source "ChessBase"]
[SourceQuality "1"]
[TimeControl "40/6000+30:2400+30"]

1. c4 Nf6 2. d4 g6 3. Nc3 Bg7 4. e4 d6 5. Be2 O-O 6. Bg5 c5 7. d5 h6 8. Bf4 e6 9. Qd2 {[%emt 0:01:49] E74: King's Indian: Averbakh Variation: 6...c5.} exd5 10. cxd5 {[%emt 0:00:21] [#]} g5 $146 ({Predecessor:} 10... Re8 11. f3 a6 12. a4 h5 13. a5 Qc7 14. Bd3 Nbd7 15. Nge2 Ne5 16. O-O Nxd3 17. Qxd3 {½-½ Krutti,V (2379)-Troyke,C (2247) EU-ch blitz Tallinn 2019 (7)}) 11. Be3 {[%emt 0:00:21] And now h4 would win. White is slightly better.} b5 $1 12. f3 b4 13. Nd1 Nh7 (13... Nh5 $1 $11 {keeps the balance.}) 14. g4 ({White should try} 14. h4 $16) 14... Nd7 {[%emt 0:01:43] [#]} 15. h4 $1 Ne5 ({But not} 15... gxh4 16. Bxh6 Ne5 17. Bxg7 Kxg7 18. Nh3 $16) 16. hxg5 hxg5 17. Rc1 a5 18. Bf2 Qf6 19. Ne3 (19. Kf1 {looks sharper.} Re8 20. Ne3 a4 21. Re1) 19... Ng6 (19... Re8 {keeps more tension.} 20. Kf1 a4 21. Rb1 Bd7) 20. b3 ({Reject} 20. Nf5 Qxb2 21. Nxg7 (21. Nxd6 Bc3 $17) 21... Qxg7 $11) (20. Rb1 $14) 20... a4 $1 $15 21. Bg3 axb3 22. axb3 Nf4 23. Nh3 (23. Bb5 $11) 23... Qb2 (23... Nxe2 $17 24. Kxe2 Re8) 24. Qxb2 Bxb2 25. Rc2 Ra1+ 26. Bd1 {[%emt 0:01:12][%cal Oh3f4] [#] Hoping for Nxf4!} Bc3+ (26... Be5 $1 $17) 27. Kf2 (27. Rxc3 $1 $11 bxc3 28. Nxf4 gxf4 29. Bxf4) 27... Nxh3+ ({Black should play} 27... c4 $17 28. Nxc4 Nxh3+ {[%mdl 64] Overworked Piece} 29. Rxh3 Rxd1 30. Bxd6 Re8) 28. Rxh3 $11 Rd8 29. Be2 (29. Rh6 {is more complex.} f6 30. Be2 Bd4 31. Rd2) 29... Bd4 30. Bc4 Nf8 31. Ke2 Ng6 32. Nf5 (32. Bb5 $15) 32... Bxf5 $17 33. gxf5 {[%emt 0:00:17] White is weak on the dark squares} Ne5 {[%emt 0:00:13] Black is more active.} 34. Bxe5 Bxe5 35. Rh5 {[%emt 0:01:55] [#]} (35. Kf2 $17) 35... Rg1 $1 $19 {[%emt 0:02:42] White must now prevent ...Ra8.} 36. Bb5 $2 (36. f4 {might work better.} Bxf4 37. Kf2) 36... Ra8 37. Kd3 Kg7 38. Rh3 $2 (38. Bd7) 38... Ra3 39. Bc4 Bf4 40. Rb2 Raa1 {[%emt 0:03:15] ( -> ...Rad1+)} 41. Bb5 Rad1+ {[%emt 0:40:30] Black mates.} 42. Ke2 Rde1+ 43. Kf2 Be3# {[%emt 0:00:36] Weighted Error Value: White=0.63/Black=0.11 (very precise)} 0-1

[Event "4NCL 2022-2023"]
[Site "Daventry"]
[Date "2023.02.12"]
[Round "6.26"]
[White "Rowson, Jonathan"]
[Black "Cooper, John G"]
[Result "1-0"]
[ECO "D32"]
[WhiteElo "2547"]
[BlackElo "2243"]
[Annotator "TA"]
[PlyCount "45"]
[EventDate "2022.10.20"]
[EventType "team-tourn"]
[EventCountry "ENG"]
[SourceTitle "playchess.com"]
[Source "ChessBase"]
[SourceQuality "1"]
[TimeControl "40/6000+30:2400+30"]

1. d4 d5 2. c4 e6 3. Nc3 c5 4. cxd5 exd5 5. Nf3 Nc6 6. Bf4 Nf6 7. e3 c4 {[%emt 0:01:45] 7...Be7 is vanishing.} 8. a3 {[%emt 0:03:04] D32: Tarrasch Defence: Sidelines and lines without g3.} Be7 9. Be2 O-O 10. O-O {[%emt 0:03:06] The position is equal.} Na5 11. Qc2 {[%emt 0:10:32] [#]} Nh5 $146 ({Predecessor:} 11... a6 12. Nd2 b5 13. Bf3 Be6 14. Rad1 Nc6 15. Be5 Ne8 16. b3 Rc8 17. bxc4 bxc4 {½-½ Agrest,E (2525)-Hansen,L (2570) SWE-DEN Skaenninge 1998 (2)}) 12. Be5 (12. Ne5 $5 Nxf4 13. exf4 $11) 12... f6 13. Bg3 (13. Rad1 $5 ) 13... Nxg3 14. hxg3 Be6 15. Rad1 Qd7 16. e4 dxe4 17. d5 Bf7 ({But not} 17... exf3 18. dxe6 Qxe6 19. Bxf3 $18) 18. Nxe4 Rfd8 (18... Bxd5 $2 19. Nc3 $18) (18... Rfe8 $11) 19. g4 {[%emt 0:09:30] Strongly threatening d6. White is more active.} ({Much weaker is} 19. Bxc4 Nxc4 20. Qxc4 Bxd5 $15) (19. d6 $5 Bf8 $8 20. g4 $11) 19... Qc7 {[%emt 0:06:50] [#] Black cannot hold the game after this.} (19... Bxd5 $2 20. Nc3 Qe6 21. Qa4 Bxf3 22. Bxf3 $18) (19... Qxg4 $2 20. d6 Qd7 21. dxe7 Qxe7 22. Ng3 $18) ({Better is} 19... Bg6 $14) 20. b4 $18 Rxd5 21. Rxd5 ({Don't do} 21. bxa5 $6 Rxa5 22. Rd4 Bc5 $16) 21... Bxd5 22. bxa5 Bxa3 23. Nc3 {[%emt 0:09:56] Weighted Error Value: White=0.11 (very precise) /Black=0.34} 1-0

[Event "4NCL 2022-2023"]
[Site "Daventry"]
[Date "2023.02.12"]
[Round "6.27"]
[White "Redmond, John P."]
[Black "Adair, James R"]
[Result "0-1"]
[ECO "A01"]
[WhiteElo "2196"]
[BlackElo "2449"]
[Annotator "TA"]
[PlyCount "61"]
[EventDate "2022.10.20"]
[EventType "team-tourn"]
[EventCountry "ENG"]
[SourceTitle "playchess.com"]
[Source "ChessBase"]
[SourceQuality "1"]
[TimeControl "40/6000+30:2400+30"]

1. b3 d5 2. Bb2 Bf5 3. d3 e6 4. Nd2 Nf6 5. g3 Be7 6. Bg2 {[%emt 0:00:10] A01: Nimzowitsch-Larsen Opening.} h6 7. e4 Bh7 8. Nh3 {[%emt 0:02:48] The position is equal.} a5 9. a3 c6 10. O-O Na6 11. Qe2 O-O {[%emt 0:07:38] [#]} 12. Kh1 $146 ({Predecessor:} 12. f3 a4 13. b4 c5 14. b5 Nc7 15. c4 Nd7 16. Nf2 Bf6 17. e5 Be7 18. f4 {1-0 Shimanov,A (2581)-Bortnyk,O (2604) Titled Tuesday intern op 10th May Late blitz 2022 (4)}) 12... a4 13. b4 b5 14. c4 c5 15. cxd5 (15. cxb5 $14 Nc7 16. bxc5 (16. b6 Nb5 $14) 16... Nxb5 17. Rac1) 15... exd5 $11 16. e5 (16. bxc5 {keeps more tension.} Nxc5 17. Nf4 g5 18. Bxf6 Bxf6 19. Rac1) 16... Ne8 17. bxc5 Nxc5 18. Nf4 {[%emt 0:00:57] And now d4 would win.} Nc7 19. Rac1 Rb8 20. Bh3 {[%emt 0:07:04] [#]} (20. d4 $11 {keeps the balance.} N5e6 21. Nd3) 20... N7e6 $1 $17 21. Nxe6 (21. d4 $2 Nxf4 22. gxf4 Nd3 $19) 21... fxe6 22. Rxc5 {[%emt 0:01:17] Now White is beyond hope.} Bxc5 $19 23. Bxe6+ Kh8 24. f4 b4 25. axb4 Bxb4 26. Nf3 Qa5 27. Nd4 $2 {[%emt 0:00:30] [#]} (27. Bd7 Bc5 28. Ba1 (28. Bd4 $2 Bxd4 29. Nxd4 Qc3 $19)) 27... Bc3 {[%emt 0:03:18] Black is clearly winning.} 28. Bxc3 Qxc3 29. Qe3 Qxd3 30. Qxd3 Bxd3 31. Nc6 {[%emt 0:00:00] Weighted Error Value: White=0.62/Black=0.05 (flawless)} 0-1